AoeStats
← GuLy San (10)

Black Forest

505101496Analyzed
1v1 RM · 26d ago on Sep 7, 2026· 56m 21s· 2 players
Game mode
Random Map
Map size
Tiny (2 player)
Population
200
Speed
Normal
Resources
Standard
Victory
Conquest
Starting age
Dark Age
Ending age
Imperial Age
RankedLock teamsTeams togetherTeam positionsShared explorationLock speedFull tech treeHidden civsTurbo modeCheats
Victory
Defeat
🇹🇷 Burgundians · Türkiye
868
+16
🇦🇷 Aztecs · Argentina
866
-16
GuLy San (10)
8:38 Loom
11:21 Feudal Age
11:48 Horse Collar
11:58 Double-Bit Axe
15:17 Man-at-Arms
20:47 Forging
23:40 Castle Age
23:00 Gold Mining
24:29 Wheelbarrow
24:19 Scale Mail Armor
25:08 Gambesons
25:26 Squires
25:17 Arson
25:51 Heavy Plow
26:05 Bow Saw
29:48 Crossbowman
29:51 Eagle Warrior
29:52 Pikeman
29:54 Long Swordsman
38:59 Imperial Age
40:59 Elite Jaguar Warrior
42:04 Garland Wars
41:48 Atlatl
42:29 Ballistics
43:10 Chemistry
41:58 Elite Eagle Warrior
41:59 Two-Handed Swordsman
44:18 Iron Casting
43:59 Chain Mail Armor
44:09 Champion
48:27 Blast Furnace
47:58 Plate Mail Armor
48:10 Treadmill Crane
50:38 Elite Skirmisher
50:40 Arbalester
51:28 Fletching
56:37 Bodkin Arrow
56:43 Padded Archer Armor
SZY19999
0:41 Loom
13:51 Feudal Age
13:00 Double-Bit Axe
13:00 Horse Collar
14:51 Heavy Plow
15:05 Bow Saw
21:23 Castle Age
21:32 Wheelbarrow
24:11 Crop Rotation
25:47 Hand Cart
26:38 Two-Man Saw
29:43 Gold Mining
31:53 Gold Shaft Mining
31:10 Stone Mining
35:14 Imperial Age
33:52 Town Watch
35:40 Town Patrol
36:59 Chemistry
36:20 Ballistics
37:01 Stone Shaft Mining
37:18 Scale Barding Armor
37:51 Forging
37:56 Fortified Wall
39:35 Iron Casting
39:21 Chain Barding Armor
39:31 Scale Mail Armor
39:22 Fletching
39:32 Padded Archer Armor
39:58 Arrowslits
40:11 Murder Holes
40:27 Masonry
41:21 Blast Furnace
40:49 Bombard Tower
40:12 Treadmill Crane
42:20 Plate Barding Armor
43:35 Chain Mail Armor
43:15 Bodkin Arrow
43:36 Leather Archer Armor
43:43 Elite Skirmisher
45:55 Burgundian Vineyards
46:12 Conscription
46:28 Hoardings
45:14 Elite Coustillier
47:20 Architecture
46:41 Guard Tower
47:32 Plate Mail Armor
48:31 Bracer
48:10 Pikeman
48:53 Squires
48:41 Arson
51:09 Elite Coustillier
52:13 Flemish Revolution
Connection lost

Rejoining the realm…

Still unreachable

The connection could not be restored.

Session expired

The server has moved on; the page needs a fresh start.